 Dungeon Crawl Stone Soup version 0.18-a0-971-g0af6217 (webtiles) character file.

189 root the Skirmisher (level 5, 0/47 HPs)
             Began as a Draconian Berserker on Jan 2, 2016.
             Was a Priest of Trog.
             Shot with an arrow by a centaur (8 damage)
             ... on level 5 of the Dungeon.
             The game lasted 00:08:00 (2840 turns).

root the Skirmisher (Draconian Berserker)           Turns: 2840, Time: 00:08:00

Health: 0/47       AC:  5    Str: 19    XL:     5   Next: 40%
Magic:  5/5        EV: 13    Int:  7    God:    Trog [***...]
Gold:   198        SH:  0    Dex: 12    Spells: 0 memorised, 4 levels left

rFire  . . .     SeeInvis .       - Unarmed
rCold  . . .     Gourm    .     (armour unavailable)
rNeg   . . .     Faith    .     (no shield)
rPois  .         Spirit   .     (helmet restricted)
rElec  .         Dismiss  .     (no cloak)
rCorr  .         Reflect  .     (no gloves)
SustAt .         Harm     .     (no boots)
MR     .....                    (no amulet)
Stlth  +.........               (no ring)
                                (no ring)

@: not resistant to hostile enchantments, very unstealthy
A: unfitting armour, cold-blooded, AC +5
a: Berserk, Trog's Hand, Burn Spellbooks, Renounce Religion


You were on level 5 of the Dungeon.
You worshipped Trog.
Trog was most pleased with you.
You were not hungry.

You visited 1 branch of the dungeon, and saw 5 of its levels.

You collected 198 gold pieces.

Inventory:

Missiles
 b - 27 poisoned needles
 x - 6 javelins (quivered)
Jewellery
 f - an uncursed ring of flight {unknown}
 m - an uncursed amulet of rage {unknown}
Wands
 w - a wand of confusion (29/48)
Scrolls
 c - a scroll of magic mapping {unknown}
 e - 2 scrolls of immolation {unknown}
 i - a scroll of teleportation {unknown}
 j - a scroll of enchant weapon {unknown}
 l - 4 scrolls of identify {unknown}
 q - 4 scrolls of remove curse {unknown}
 s - a scroll of noise {unknown}
 y - 2 scrolls of enchant armour {unknown}
Potions
 d - 2 potions of curing {unknown}
 h - a potion of magic {unknown}
 k - a potion of mutation {unknown}
 n - a potion of flight {unknown}
 o - 2 potions of degeneration {unknown}
 r - a potion of cure mutation {unknown}
 t - a potion of might {unknown}
 v - a potion of berserk rage {unknown}
 z - a potion of heal wounds {unknown}
Comestibles
 a - 2 bread rations
 g - 4 meat rations
 p - 2 slices of pizza
 u - 5 chunks of flesh


   Skills:
 + Level 4.6 Fighting
 + Level 4.1 Dodging
 + Level 4.1 Unarmed Combat


You had 4 spell levels left.
You didn't know any spells.

Dungeon Overview and Level Annotations

Branches:
Dungeon (5/15)
 Temple: D:4-7

Altars:
Gozag
Nemelex Xobeh


Innate Abilities, Weirdness & Mutations

Your plain brown scales are hard (AC +5).
Your body does not fit into most forms of armour.
You are cold-blooded and may be slowed by cold attacks.


Message History

You closely miss the phantom. You punch the phantom.
The phantom is moderately damaged.
The phantom hits you.
* * * LOW HITPOINT WARNING * * *
The phantom blinks!
The phantom blinks!
The phantom blinks!
There is a stone staircase leading down here.
You climb downwards.
You hear the hiss of flowing sand.
There is an entrance to an ossuary on this level.
Hurry and find it before the portal is buried!
A centaur comes into view.
There is a stone staircase leading up here.
The centaur shouts!
The centaur wields a shortbow.
The centaur shoots an arrow.
The arrow hits you!
* * * LOW HITPOINT WARNING * * *
The centaur shoots an arrow.
The arrow closely misses you.
The centaur shoots an arrow.
The arrow barely misses you.
The centaur shoots an arrow.
The arrow hits you!
You die...

..... .# .....
#. .... .# ...#
#.# .
#..####..## ...
#..##....##
#..#.........#
#.(.<..@.c..#
#..............
#........####.#
#.#####..# #..
#..# #.. ##.#
... .# ##. .#


You could see a centaur.

Vanquished Creatures
  A hound (D:4)
  A worker ant (D:4)
  A hound skeleton (D:4)
  4 adders
  An ooze (D:2)
  An adder skeleton (D:4)
  2 worms (D:2)
  2 giant geckos
  6 orcs (D:3)
  2 ball pythons (D:1)
  8 bats
  3 giant cockroaches
  7 goblins
  10 hobgoblins
  5 jackals (D:1)
  A quokka (D:4)
  A giant newt (D:2)
  4 kobolds
  6 rats
66 creatures vanquished.

Notes
Turn   | Place    | Note
--------------------------------------------------------------
     0 | D:1      | root the Draconian Berserker began the quest for the Orb.
     0 | D:1      | Reached XP level 1. HP: 19/19 MP: 1/1
   244 | D:1      | Reached XP level 2. HP: 26/26 MP: 2/2
   967 | D:1      | Reached XP level 3. HP: 33/33 MP: 3/3
   987 | D:2      | Reached ** piety under Trog
   987 | D:2      | Reached skill level 4 in Fighting
  1429 | D:2      | Reached XP level 4. HP: 30/41 MP: 4/4
  1728 | D:2      | Found a sparkling altar of Nemelex Xobeh.
  1965 | D:3      | Found an opulent altar of Gozag.
  2499 | D:4      | Reached XP level 5. HP: 36/47 MP: 5/5
  2670 | D:4      | Reached *** piety under Trog
  2799 | D:4      | Noticed a phantom
  2837 | D:5      | Entered Level 5 of the Dungeon
  2837 | D:5      | Noticed a centaur
  2840 | D:5      | Shot with an arrow by a centaur

Vault maps used:
D:1:      dpeg_arrival_round_a, minmay_close_crescents
D:2:      nemelex_lonely_heart_becter
D:3:      nicolae_gozag_cash_rules_everything_around_me
D:4:      cheibriados_altar_1, grunt_dithmenos_smoke,
          gammafunk_pakellas_statue_experiment, first_bread, uniq_menkaure
D:5:      led_sif_book, kennysheep_mini_moat, gup_ossuary_entry_pyramid

Action                   |  1- 3 |  4- 6 || total
-------------------------+-------+-------++-------
Melee: Unarmed           |   152 |   147 ||   299
  Eat: Chunk             |     2 |     4 ||     6
